 Dungeon Crawl Stone Soup version 0.30.0-10-gfe55d96785 (webtiles) character file.

Game seed: 11921586963440330841

86 hawla the Firebug (level 5, -1/38 HPs)
             Began as a Meteoran Fire Elementalist on May 13, 2023.
             Slain by a hound (5 damage)
             ... on level 4 of the Dungeon on May 14, 2023.
             The game lasted 00:06:11 (818 turns).

hawla the Firebug (Meteoran Fire Elementalist)       Turns: 818, Time: 00:06:11

Health: -1/38      AC:  2    Str:  9    XL:     5   Next: 7%
Magic:  0/10       EV: 13    Int: 18    God:
Gold:   57         SH:  0    Dex: 15    Spells: 3/10 levels left

rFire   . . .        (no weapon)
rCold   . . .        (no shield)
rNeg    . . .        a - +0 robe
rPois   .            (no helmet)
rElec   .            (no cloak)
rCorr   .            (no gloves)
SInv    .            (no boots)
Will    .....        (no amulet)
Stlth   +            (no ring)
HPRegen 0.26/turn    (no ring)
MPRegen 0.12/turn

%: no passive effects
@: very slightly contaminated, glowing
A: sense surroundings 1, otherworldly, glowing, explore regen
a: no special abilities


You were on level 4 of the Dungeon.
You visited 1 branch of the dungeon, and saw 4 of its levels.

You collected 57 gold pieces.

Inventory:

Armour
 a - a +0 robe (worn)
Wands
 i - a wand of mindburst (21)
Scrolls
 b - a scroll of fear {unknown}
 c - a scroll of identify
 e - a scroll of magic mapping {unknown}
 l - a scroll of teleportation {unknown}
Potions
 d - 2 potions of brilliance {unknown}
 f - a potion of berserk rage
 g - a potion of flight
 h - a potion of heal wounds {unknown}
 j - a potion of invisibility {unknown}
 k - a potion of attraction {unknown}


   Skills:
 - Level 2.9 Dodging
 - Level 1.4 Stealth
 - Level 3.2 Spellcasting
 + Level 3.3 Conjurations
 - Level 4.7 Fire Magic


You had 3 spell levels left.
You knew the following spells:

 Your Spells              Type           Power      Damage    Failure   Level
a - Foxfire               Conj/Fire      68%        2x1d7     3%          1
b - Scorch                Fire           38%        2d7       3%          2
c - Flame Wave            Conj/Fire      17%        2d7       30%         4

Your spell library contained the following spells:

 Spells                   Type           Power      Damage    Failure   Level
 Necrotise                Necr           8%         1d4       16%         1
 Inner Flame              Hex/Fire       11%        N/A       19%         3
 Volatile Blastmotes      Fire/Tloc      22%        2d11      19%         3
 Cigotuvi's Dreadful Rot  Necr/Pois/Air  4%         N/A       24%         2
 Ignite Poison            Fire/Tmut/Pois 8%         N/A       26%         3
 Vampiric Draining        Necr           2%         2d6       43%         3
 Freezing Cloud           Conj/Ice/Air   3%         6-21      95%         5
 Agony                    Necr           2%         N/A       99%         5


Dungeon Overview and Level Annotations

Branches:
Dungeon (4/15) Zot: 1581
 Temple: D:4-7

Altars:


Innate Abilities, Weirdness & Mutations

You passively map a small area around you.
You are easily found by Zot.
You glow in the dark.
You regain HP and MP as you explore.


Message History

A killer bee comes into view.
The foxfire hits the hound.
The hound is heavily wounded.
The killer bee moves out of view.
Casting: Foxfire (safe; 3% risk of failure)
Confirm with . or Enter, or press ? or * to list all spells.
You conjure some foxfire!
The foxfire hits the hound.
The hound is heavily wounded.
The foxfire hits the killer bee but does no damage.
The foxfire hits the hound but does no damage.
The hound is heavily wounded.
A killer bee comes into view.
Casting: Foxfire (safe; 3% risk of failure)
Confirm with . or Enter, or press ? or * to list all spells.
The spell is extremely dangerous to miscast (30% risk of failure)!
Continue anyway?
Casting: Flame Wave (extremely dangerous; 30% risk of failure)
Press: ? - help, Dir - look around, f - activate You miscast Flame Wave.
You are very lightly contaminated with residual magic.
You are blasted with fire!
The foxfire hits the killer bee.
The killer bee is moderately wounded.
The foxfire hits the killer bee.
The killer bee is heavily wounded.
The killer bee stings you. The killer bee misses you. The hound misses you.
The killer bee barely misses you. The hound bites you.
Casting: Flame Wave (extremely dangerous; 30% risk of failure)
Confirm with . or Enter, or press ? or * to list all spells.
You conjure some foxfire!
The killer bee stings you! The killer bee stings you. The hound bites you.
The killer bee closely misses you. The killer bee completely misses you.
Casting: Foxfire (safe; 3% risk of failure)
Confirm with . or Enter, or press ? or * to list all spells.
You conjure some foxfire!
The foxfire hits the killer bee.
The killer bee is lightly wounded.
The foxfire hits the killer bee.
The killer bee is almost dead.
The killer bee stings you!
* * * LOW HITPOINT WARNING * * *
The hound bites you.
You die...

, .....
#.....#* ,
..... ......* ,
, .....##....#
#. * , , ,
...........#..?
............#..
......§§......#
,
......vv§......
, , ,
......y@.# * *
, ......hy## ,
* *
,.......yl*, *
.#..##.... * ,
*, ## ,#.##..
** * ,,.. *...
, , .. .... ,
...* .... ,


You could see an iguana, a hound and 3 killer bees.

Vanquished Creatures
  Jessica (D:3)
  2 adders (D:3)
  A dart slug (D:1)
  2 orcs (D:3)
  8 endoplasms (D:1)
  2 goblins (D:1)
  3 hobgoblins (D:1)
  3 kobolds (D:1)
  2 quokkas
  4 ball pythons
  3 bats
  2 frilled lizards
  2 rats
35 creatures vanquished.

Vanquished Creatures (others)
  93 foxfires
93 creatures vanquished.

Grand Total: 128 creatures vanquished

Notes
Turn   | Place    | Note
-------+----------+-------------------------------------------
     0 | D:1      | hawla the Meteoran Fire Elementalist began the quest for
                  | the Orb.
     0 | D:1      | Reached XP level 1. HP: 14/14 MP: 5/5
   106 | D:1      | Reached skill level 4 in Fire Magic
   106 | D:1      | Reached XP level 2. HP: 11/20 MP: 3/6
   110 | D:1      | Learned a level 2 spell: Scorch
   178 | D:1      | Reached XP level 3. HP: 26/26 MP: 6/8
   549 | D:3      | Reached XP level 4. HP: 20/33 MP: 5/9
   554 | D:3      | Learned a level 4 spell: Flame Wave
   642 | D:3      | Noticed Jessica
   645 | D:3      | Killed Jessica
   715 | D:3      | Reached XP level 5. HP: 38/38 MP: 1/10
   818 | D:4      | Slain by a hound

Illustrated notes

Levels and vault maps discovered:
D:1:      dpeg_cavernosity, layout_basic
D:2:      layout_basic, dreamdust_ecumenical_altar_statues
D:3:      layout_loops_corners, nicolae_hepliaklqana_hippocampus, uniq_jessica
D:4:      layout_cave_pools, nicolae_overflow_crystal_walls,
          minmay_temple_entry_butterflies

Skill      XL: |  1  2  3  4 |
---------------+-------------+-----
Fire Magic     | 4 |  4.7
Spellcasting   | 3 |  3.2
Conjurations   | 3 |  3.3
Dodging        | |  2.9
Stealth        | |  1.4

Action                     |  1- 3 |  4- 6 || total
---------------------------+-------+-------++-------
  Melee: Unarmed           |    18 |     2 ||    20
   Cast: Foxfire           |    38 |    17 ||    55
         Scorch            |     2 |     3 ||     5
         Flame Wave        |       |     1 ||     1
    Use: Potion            |     1 |       ||     1
         Scroll            |     2 |       ||     2
 Armour: Robe              |     7 |       ||     7
  Dodge: Dodged            |    20 |     8 ||    28
